Map: Abiogenesis LE

Players

Juxtapose

  • Race: Terran Terran
  • League: Platinum
  • Spawn Location: 11:00

A.I. 1 (Elite) - Winner!

  • Race: Protoss Protoss
  • Spawn Location: 5:00

VOD

https://youtu.be/bgpFanlK3AA

Description

So it would seem my Terran Marine/Cyclone Rush, which is pretty much an all-in, is not the best idea against the AI...

Time

  • Played on: Feb. 15, 2018, 8:48 p.m.
  • Length: 11:00
Show
View Real Time Build Order
Export as new Build Order

Juxtapose Terran 

Build Orders:  

Get SALT Encoding   

  12  0:01  SCV  
  13  0:13  SCV  
  14  0:21  Supply Depot  
  14  0:25  SCV  
  15  0:43  SCV  
  15  0:46  Barracks  
  15  0:49  Supply Depot  
  16  0:55  SCV  
  17  1:03  Refinery  
  17  1:07  SCV  
  18  1:14  Refinery  
  18  1:19  SCV  
  19  1:33  Orbital Command  
  19  1:53  Barracks Reactor  
  19  2:02  SCV  
  19  2:06  Factory  
  20  2:14  SCV  
  21  2:16  Supply Depot  
  21  2:26  SCV  
  22  2:30  Engineering Bay  
  22  2:35  Marine x2  
  24  2:38  SCV  
  25  2:50  Supply Depot, SCV  
  26  2:53  Marine x2  
  26  2:58  Terran Infantry Weapons Level 1  
  28  3:04  Missile Turret  
  29  3:05  SCV  
  29  3:08  Factory Reactor  
  29  3:10  Marine  
  29  3:11  Marine  
  31  3:28  Marine x2  
  33  3:35  Command Center  
  33  3:46  Cyclone  
  36  3:49  Cyclone  
  39  4:09  Marine x2  
  41  4:18  Cyclone  
  41  4:21  Cyclone  
  41  4:23  Supply Depot  
  47  4:43  Supply Depot  
  47  4:45  Marine x2  
  49  4:50  Cyclone  
  52  4:55  Cyclone  
  55  5:00  Terran Infantry Armor Level 1  
  55  5:02  Marine x2  
  57  5:08  Orbital Command  
  57  5:20  Marine x2  
  59  5:22  SCV  
  60  5:34  SCV  
  61  5:37  SCV  
  61  5:38  Marine x2  
  61  5:46  SCV  
  61  5:49  SCV  
  54  5:56  Marine x2  
  56  5:58  SCV  
  56  6:01  Bunker  
  56  6:02  SCV  
  58  6:12  Starport  
  58  6:18  Barracks  
  58  6:22  Barracks  
  58  6:30  Cyclone x2  
  58  6:31  Marine x2  
  66  6:35  SCV  
  66  6:36  SCV  
  68  6:42  Refinery  
  68  6:44  Refinery  
  68  6:48  Armory, SCV x2  
  68  6:49  Marine x2  
  68  6:53  Missile Turret  
  72  6:55  Starport Tech Lab  
  72  7:02  Cyclone  
  72  7:03  Cyclone  
  78  7:16  Supply Depot  
  78  7:22  Sensor Tower  
  78  7:29  Barracks Tech Lab  
  78  7:37  Medivac, Marine x2  
  78  7:38  Supply Depot  
  78  7:41  Barracks Tech Lab  
  78  7:43  SCV  
  78  7:44  SCV  
  84  7:54  Marine  
  84  7:55  Marine  
  84  7:58  Stimpack  
  86  7:59  Marine  
  86  8:00  SCV x2  
  89  8:07  Medivac  
  89  8:12  Marine  
  92  8:19  Terran Vehicle And Ship Armor Level 1  
  92  8:24  Command Center  
  92  8:37  Medivac  
  94  8:41  Sensor Tower  
  94  8:56  Supply Depot  
  94  8:59  Marine  
  94  9:11  Marine  
  94  9:13  Medivac  
  94  9:14  Marauder x2  
  94  9:16  Marine  
  80  9:18  Supply Depot  
  53  9:29  Marine  
  43  9:34  Marine x2  
  43  9:36  Marauder  
  43  9:41  Supply Depot, Widow Mine x2  
  43  9:43  Medivac  
  42  9:50  Orbital Command  
  44  9:53  Marauder  
  44  9:57  Marauder  
  45  10:14  Marine  
  43  10:16  Marine x2  
  43  10:18  Marine  
  37  10:31  Marine  
  37  10:34  Marine  
  38  10:36  Marine  
  38  10:40  Marine  
Show
View Real Time Build Order
Export as new Build Order

A.I. 1 (Elite) Protoss - Winner!

Build Orders: Zealot Archon 

Get SALT Encoding   

  12  0:00  Probe  
  13  0:13  Probe  
  14  0:19  Pylon  
  14  0:25  Probe  
  15  0:37  Probe  
  15  0:40  Gateway  
  16  0:48  Assimilator  
  16  0:49  Probe  
  17  1:01  Pylon, Probe  
  18  1:13  Probe  
  19  1:26  Probe  
  19  1:28  Zealot  
  19  1:29  Cybernetics Core  
  22  1:38  Probe  
  23  1:50  Probe  
  24  1:56  Gateway  
  24  1:58  Pylon  
  26  2:01  Zealot  
  26  2:02  Probe  
  27  2:28  Nexus  
  27  2:31  Probe  
  27  2:35  Warp Gate  
  28  2:43  Probe  
  29  2:44  Assimilator  
  29  2:52  Adept  
  29  2:55  Probe  
  32  2:58  Adept  
  34  3:08  Probe  
  34  3:09  Pylon  
  35  3:19  Stalker  
  37  3:20  Probe  
  37  3:26  Stalker  
  40  3:32  Probe  
  41  3:40  Probe, Gateway  
  42  3:50  Stalker  
  42  3:52  Probe  
  45  3:58  Stalker  
  45  4:00  Probe  
  48  4:05  Probe  
  49  4:12  Probe  
  51  4:17  Probe  
  51  4:20  Stalker  
  53  4:24  Probe  
  53  4:28  Stalker  
  53  4:29  Probe  
  57  4:36  Probe  
  57  4:37  Pylon, Stalker  
  60  4:41  Probe  
  61  4:47  Pylon  
  61  4:48  Probe  
  62  4:55  Probe  
  62  4:57  Stalker  
  65  5:00  Stalker  
  65  5:01  Probe  
  65  5:06  Stalker  
  70  5:07  Probe  
  70  5:11  Pylon  
  70  5:13  Probe  
  72  5:17  Pylon  
  72  5:20  Probe  
  72  5:21  Stalker  
  75  5:23  Stalker  
  75  5:25  Probe  
  78  5:29  Stalker  
  78  5:32  Probe  
  81  5:36  Pylon  
  81  5:37  Probe  
  78  5:44  Stalker, Probe  
  78  5:45  Twilight Council  
  78  5:46  Sentry  
  78  5:49  Probe  
  80  5:52  Zealot  
  80  5:56  Probe  
  83  6:03  Assimilator  
  83  6:07  Assimilator  
  83  6:09  Zealot  
  85  6:26  Templar Archives  
  85  6:29  Probe  
  85  6:30  Zealot  
  85  6:31  Zealot x2  
  85  6:32  Pylon  
  92  6:39  Nexus  
  92  6:50  Zealot  
  92  6:51  Zealot, Adept  
  92  6:52  Pylon  
  98  7:03  Robotics Facility  
  98  7:11  Sentry, Zealot, High Templar, Forge  
  98  7:13  Pylon  
  104  7:21  Forge  
  104  7:31  High Templar  
  104  7:34  Zealot  
  104  7:36  Pylon  
  108  7:43  Zealot  
  110  7:45  Protoss Ground Weapons Level 1, Psionic Storm  
  110  7:49  Archon  
  110  7:50  Observer  
  111  7:52  Pylon, Probe x2  
  111  7:53  Probe  
  111  7:54  Zealot, Protoss Ground Armor Level 1  
  116  8:03  Assimilator, High Templar  
  116  8:04  Assimilator, Probe  
  119  8:06  Probe x2  
  121  8:15  Photon Cannon, High Templar  
  121  8:16  Probe  
  121  8:18  Pylon, Probe  
  121  8:19  Probe  
  126  8:25  Pylon, Immortal  
  130  8:28  Probe  
  130  8:30  Probe  
  130  8:31  Probe  
  133  8:35  Adept  
  133  8:36  Archon  
  133  8:38  High Templar  
  133  8:40  Probe  
  138  8:42  Photon Cannon, Probe  
  138  8:43  Probe  
  138  8:48  High Templar  
  142  8:53  Photon Cannon, Probe  
  142  8:54  Probe  
  144  8:55  Probe  
  144  9:00  Pylon, Sentry, Photon Cannon  
  147  9:04  Immortal  
  147  9:05  Gateway  
  147  9:06  Charge  
  151  9:10  Zealot  
  139  9:20  Zealot  
  139  9:23  Zealot  
  133  9:26  Photon Cannon  
  133  9:28  Photon Cannon  
  133  9:30  Sentry  
  135  9:36  Nexus  
  135  9:40  Zealot  
  135  9:43  Zealot, Immortal  
  141  9:53  Sentry  
  141  9:59  Adept  
  137  10:00  High Templar  
  137  10:04  Stalker  
  139  10:12  Photon Cannon  
  137  10:16  Stalker  
  137  10:20  Stalker  
  141  10:22  Gateway  
  141  10:27  Stalker  
  143  10:33  Stalker  
  145  10:39  Stalker  
  145  10:40  Robotics Facility  
  143  10:43  Sentry, Photon Cannon  
  145  10:50  Adept  
  145  10:56  Sentry  
Tags
 
Composition
Zealot Archon
League
Platinum
Matchup
PvT
Spawn Locations
Cross Positions
Add a new tag
Caveats
  • Supply blocks, unpowered buildings, or Contaminate may cause inaccurate times.
  • Supply counts are checked every 10 seconds.